cohdb
Replays
Latest Replays
All Replays
Popular Replays
Top Player Replays
Match Explorer
How It Works
Community
CoH3 Stats
Reddit
Sign in to upload your games and track your stats! →
Sign in with Steam
Random team wins against teamed up
Match 10948907
Overview
Messages
Build Orders
End
Construct Barracks
Selects Armored Battlegroup
Selects Veteran Crews
Selects Fast Deploy
1⁄4-ton 4x4 Truck
Riflemen Squad
Riflemen Squad
Grenade Package
M1 Mortar Team
Construct Weapon Support Center
Sniper
Infantry Support Center
Construct Motor Pool
M1 Anti-tank Gun Team
Captain Retinue
Selects M8 Scott SPG
Construct Medical Station
M8 Scott SPG
M1919 Machine Gun Team
M1918 Browing Automatic Rifles
Riflemen Squad
M1 Anti-tank Gun Team
Survival Training
Selects M4A3E8 Sherman Combat Group
M4A3E8 Sherman Combat Group
Riflemen Squad
M3 Armored Personnel Carrier
Construct Tank Depot
Selects M31 Recovery Vehicle
M4A3E8 Sherman Combat Group
Selects War Machine
M18 Hellcat Tank Destroyer
M4A3E8 Sherman Combat Group
-{CAA}- Fredsch
-{CAA}- Nescafee
-{CAA}- The Jelly Jiggler
-{CAA}- Scipio Andreas
LV.3 NADPH
Profile Name
28598519a
Para_Dilshan
0
0
Comments
sign in to comment!
No comments posted yet!